 Dungeon Crawl Stone Soup version 0.24-b1 (webtiles) character file.

Game seed: 13027832321891924227, levelgen mode: deterministic

1183 Peloso the Covered (level 8, -7/71 HPs)
             Began as a Minotaur Fighter on Oct 12, 2019.
             Was an Initiate of Okawaru.
             Mangled by a wight
             ... wielding a +4 halberd
              (13 damage)
             ... on level 6 of the Dungeon.
             The game lasted 00:09:09 (4836 turns).

Peloso the Covered (Minotaur Fighter)               Turns: 4836, Time: 00:09:09

Health: -7/71      AC: 12    Str: 21 (22) XL:     8   Next: 19%
Magic:  10/10      EV:  9    Int:  7      God:    Okawaru [......]
Gold:   398        SH: 11    Dex:  8 (11) Spells: 12/12 levels left

rFire    . . .     SeeInvis .   a - +0 long sword
rCold    . . .     Gourm    .   c - +1 shield
rNeg     . . .     Faith    .   b - +0 chain mail
rPois    .         Spirit   .   (helmet restricted)
rElec    .         Reflect  .   (no cloak)
rCorr    .         Harm     .   (no gloves)
MR       .....                  (no boots)
Stlth    ..........             (no amulet)
HPRegen  0.21/turn              (no ring)
MPRegen  0.12/turn              (no ring)

@: drained
A: retaliatory headbutt, claws 1, horns 2, repulsion field 1, thin metallic
scales 1, clever 1
a: Renounce Religion


You were on level 6 of the Dungeon.
You worshipped Okawaru.
Okawaru was noncommittal.
You were hungry.

You visited 2 branches of the dungeon, and saw 7 of its levels.

You collected 398 gold pieces.

Inventory:

Hand Weapons
 a - a +0 long sword (weapon)
Armour
 b - a +0 chain mail (worn)
 c - a +1 shield (worn)
Wands
 w - a wand of iceblast (8)
Scrolls
 e - 4 scrolls of teleportation
 g - a scroll of blinking {unknown}
 h - 2 scrolls of remove curse {unknown}
 i - 3 scrolls of random uselessness {unknown}
 k - 3 scrolls of fog {unknown}
 m - 2 scrolls of enchant armour
 n - a scroll of identify {unknown}
 o - a scroll of magic mapping {unknown}
 p - a scroll of immolation {unknown}
 q - a scroll of noise {unknown}
 u - 2 scrolls of enchant weapon {unknown}
 v - a scroll of torment {unknown}
Potions
 d - 2 potions of might
 j - a potion of mutation
 l - 2 potions of resistance {unknown}
 r - a potion of ambrosia {unknown}
 s - a potion of berserk rage
 t - 2 potions of curing
Comestibles
 f - 11 rations


   Skills:
 + Level 6.7(5.6) Fighting
 + Level 7.1(6.0) Long Blades
 + Level 3.6(2.6) Throwing
 + Level 7.8(6.7) Armour
 + Level 4.3(3.3) Dodging
 + Level 3.3(2.3) Stealth
 + Level 7.8(6.7) Shields
 + Level 4.0(3.0) Unarmed Combat
 + Level 2.5(1.5) Spellcasting


You had 12 spell levels left.
You didn't know any spells.
Your spell library was empty.

Dungeon Overview and Level Annotations

Branches:
Dungeon (6/15)             Temple (1/1) D:5

Altars:
Ashenzari
Cheibriados
Dithmenos
Elyvilon
Fedhas
Gozag
Kikubaaqudgha
Makhleb
Nemelex Xobeh
Okawaru
Qazlal
Ru
Sif Muna
Trog
Uskayaw
Vehumet
Wu Jian
Xom
Yredelemnul
Zin
The Shining One

Shops:
D:4 }


Innate Abilities, Weirdness & Mutations

You reflexively headbutt those who attack you in melee.
You have a pair of horns on your head.
You have sharp fingernails.
You are surrounded by a mild repulsion field. (EV +2)
You are partially covered in thin metallic scales. (AC +2)
Your mind is acute. (Int +2)


Message History

The wight hits you but does no damage.
You barely miss the wight. You block the wight's attack.
You barely miss the wight. Your headbutt misses the wight.
The wight hits you with a +4 halberd!
* * * LOW HITPOINT WARNING * * *
You feel drained.
* * * LOW HITPOINT WARNING * * *
Your chain mail prevents you from hitting the wight.
The wight hits you with a +4 halberd.
* * * LOW HITPOINT WARNING * * *
You feel drained.
You slash the wight!
You headbutt the wight, but do no damage.
The wight is severely damaged.
You block the wight's attack.
Your shield and chain mail prevent you from hitting the wight.
Your headbutt misses the wight.
The wight is severely damaged.
The wight hits you with a +4 halberd!
You die...

## ##.## #####...#
#........ ###
........##### #.####
......(.....#######..#.#
......z@.....#.))_#.....
...............)###..[..
...........##..#........
###........###.....#...#
#........# ##...>....#
##........ #......... ..
.......#..#......#.... .
....?..##.#......#....
#.........##


You could see a wight.

Vanquished Creatures
  Menkaure (D:6)
  A sky beast (D:6)
  3 ogres
  A phantom (D:5)
  3 wights (D:6)
  A crimson imp (D:6)
  A jelly (D:2)
  2 worker ants
  An orc wizard (D:5)
  A hound skeleton (D:4)
  3 gnolls (D:3)
  4 adders
  A shadow imp (D:5)
  An ooze (D:2)
  2 worms
  3 dart slugs
  5 leopard geckos
  17 orcs
  A ball python (D:2)
  7 giant cockroaches
  10 hobgoblins
  2 quokkas
  10 bats
  2 frilled lizards (D:2)
  10 goblins
  6 kobolds
  11 rats
110 creatures vanquished.

Vanquished Creatures (others)
  A rat (D:2)
1 creature vanquished.

Grand Total: 111 creatures vanquished

Notes
Turn   | Place    | Note
-------+----------+-------------------------------------------
     0 | D:1      | Peloso the Minotaur Fighter began the quest for the Orb.
     0 | D:1      | Reached XP level 1. HP: 19/19 MP: 0/0
   116 | D:1      | Reached XP level 2. HP: 24/27 MP: 1/1
   650 | D:1      | Reached XP level 3. HP: 29/33 MP: 2/2
  1305 | D:2      | Found a radiant altar of Vehumet.
  1363 | D:2      | Reached XP level 4. HP: 28/40 MP: 3/3
  1755 | D:2      | Reached skill level 5 in Armour
  2468 | D:3      | Found a shimmering blue altar of Sif Muna.
  2637 | D:3      | Reached XP level 5. HP: 39/46 MP: 4/4
  2645 | D:3      | Found a white marble altar of Elyvilon.
  2845 | D:3      | Gained mutation: You have sharp fingernails. [potion of
                  | mutation]
  2845 | D:3      | Gained mutation: Your mind is acute. (Int +2) [potion of
                  | mutation]
  2845 | D:3      | Gained mutation: You are surrounded by a mild repulsion
                  | field. (EV +2) [potion of mutation]
  2845 | D:3      | Gained mutation: You are partially covered in thin metallic
                  | scales. (AC +2) [potion of mutation]
  3142 | D:3      | Reached XP level 6. HP: 58/58 MP: 4/8
  3214 | D:4      | Found Zuppepie's Gadget Shoppe.
  3277 | D:4      | Found a sparkling altar of Nemelex Xobeh.
  3572 | D:5      | Entered Level 5 of the Dungeon
  3688 | D:5      | Reached XP level 7. HP: 37/64 MP: 9/9
  3784 | D:5      | Found a staircase to the Ecumenical Temple.
  3846 | Temple   | Entered the Ecumenical Temple
  4409 | D:5      | Found an iron altar of Okawaru.
  4509 | D:5      | Became a worshipper of Warmaster Okawaru
  4534 | D:6      | Noticed Menkaure
  4543 | D:6      | Killed Menkaure
  4797 | D:6      | Found a glowing silver altar of Zin.
  4801 | D:6      | Reached XP level 8. HP: 50/71 MP: 10/10
  4836 | D:6      | Mangled by a wight

Skill      XL: |  1  2  3  4  5  6  7  8 |
---------------+-------------------------+-----
Armour         | 4 5 7 |  7.8
Shields        | 4 6 7 |  7.8
Fighting       | 4 6 |  6.7
Long Blades    | 3 6 7 |  7.1
Throwing       | 3 |  3.6
Dodging        | 4 |  4.3
Stealth        | 3 |  3.3
Unarmed Combat | 4 |  4.0
Spellcasting   | 2 |  2.5

Action                   |  1- 3 |  4- 6 |  7- 9 || total
-------------------------+-------+-------+-------++-------
Melee: Long sword        |   109 |   161 |    77 ||   347
       Headbutt          |    10 |    34 |    17 ||    61
  Use: Scroll            |     2 |       |       ||     2
       Potion            |     2 |     5 |       ||     7
  Eat: Chunk             |     2 |     7 |     3 ||    12
Armor: Scale mail        |    11 |       |       ||    11
       Chain mail        |    42 |    79 |    25 ||   146
Dodge: Dodged            |    30 |    30 |    19 ||    79
Block: Shield            |    51 |   105 |    46 ||   202
       Rpst.: Long sword |     6 |    10 |     4 ||    20
